 Dungeon Crawl Stone Soup version 0.26-a0-712-ga5a9c9c9d0 (webtiles) character file.

Game seed: 3343330241394401195

473456 Arthanis the Executioner (level 24, -1/157 HPs)
             Began as a Gargoyle Berserker on Nov 5, 2020.
             Was the Champion of Trog.
             Killed by the air
             ... invoked by a spriggan air mage
              (24 damage)
             ... on level 4 of the Depths.
             The game lasted 01:30:26 (53501 turns).

Arthanis the Executioner (Gargoyle Berserker)      Turns: 53501, Time: 01:30:27

Health: -1/157     AC: 55    Str: 37    XL:     24   Next: 71%
Magic:  23/23      EV: 12    Int: 19    God:    Trog [******]
Gold:   2289       SH:  0    Dex:  9    Spells: 23/23 levels left

rFire    . . .     SeeInvis .   a - +9 executioner's axe (vamp)
rCold    + . .     Faith    .   (shield currently unavailable)
rNeg     + + .     Spirit   .   R - +4 plate armour {rC+}
rPois    ∞         Reflect  .   A - +3 helmet "Raffap" {-Cast rElec rN+ MR++}
rElec    +         Harm     .   c - +1 cloak {MR+}
rCorr    .         Rampage  .   E - +2 pair of gloves {Str+3}
MR       +++++     NoCast   +   J - +1 pair of boots
Stlth    +.........             U - amulet of the acrobat
HPRegen  1.36/turn              K - +6 ring of strength
MPRegen  0.18/turn              S - +6 ring of strength

@: about to teleport, barbed spikes, berserk cooldown, flying, regenerating,
slowed, studying 2 skills, very slow
A: big wings, negative energy resistance 1, electricity resistance, unbreathing,
petrification resistance, rot immunity, AC +18
}: 2/15 runes: decaying, serpentine
a: Stop Flying, Berserk, Trog's Hand, Brothers in Arms, Renounce Religion


You were on level 4 of the Depths.
You worshipped Trog.
Trog was exalted by your worship.
You visited 8 branches of the dungeon, and saw 42 of its levels.
You visited the Abyss 1 time.
You also visited: Gauntlet and Wizlab.

You collected 5637 gold pieces.
You spent 3348 gold pieces at shops.

Inventory:

Hand Weapons
 a - a +9 vampiric executioner's axe (weapon)
 b - a +5 antimagic battleaxe
 M - the +2 executioner's axe of the Ageless Artisans {flame, Str+4 Stlth+}
   (Trog gifted it to you on level 2 of the Depths)

   It has been specially enchanted to burn those struck by it, causing extra
   injury to most foes and up to half again as much damage against particularly
   susceptible opponents.
   Big, fiery blades are also staple armaments of hydra-hunters.
   It affects your strength (+4).
   It makes you more stealthy.
Armour
 c - a +1 cloak of magic resistance (worn)
 A - the +3 helmet "Raffap" (worn) {-Cast rElec rN+ MR++}
   (You bought it in a shop on level 1 of the Vaults)

   It insulates you from electricity.
   It protects you from negative energy.
   It affects your resistance to hostile enchantments.
   It prevents spellcasting.
 E - a +2 pair of gloves of strength (worn)
 J - a +1 pair of boots (worn)
 R - a +4 plate armour of cold resistance (worn)
Jewellery
 l - the ring "Neoqythre" {Int+5 SInv}
   (You found it on level 2 of the Depths)

   [ring of see invisible]

   It affects your intelligence (+5).
   It lets you see invisible.
 y - the amulet of Dim Light {Spirit +Inv rElec Int+3}
   (You took it off a naga warrior on level 4 of the Snake Pit)

   [amulet of guardian spirit]

   It causes incoming damage to be split between your health and magic.
   It affects your intelligence (+3).
   It insulates you from electricity.
   It lets you turn invisible.
 C - the ring "Xoikhux" {rPois Dex+4 Slay+4 Stlth+}
   (You found it on level 2 of the Depths)

   [ring of slaying]

   It affects your dexterity (+4).
   It affects your accuracy and damage with ranged weapons and melee attacks
   (+4).
   It protects you from poison.
   It makes you more stealthy.
 K - a +6 ring of strength (left hand)
 Q - an uncursed ring of resist corrosion
 S - a +6 ring of strength (right hand)
 U - an amulet of the acrobat (around neck)
Wands
 x - a wand of iceblast (24)
 B - a wand of acid (24)
 H - a wand of digging (5)
 P - a wand of disintegration (6)
 X - a wand of paralysis (11)
Scrolls
 f - 13 scrolls of teleportation
 g - 7 scrolls of immolation
 h - 11 scrolls of enchant armour
 i - 6 scrolls of enchant weapon
 j - 11 scrolls of fog
 k - a scroll of silence
 m - 9 scrolls of fear
 q - 11 scrolls of identify
 r - 27 scrolls of remove curse
 t - 9 scrolls of blinking
 u - 7 scrolls of summoning
 w - a scroll of vulnerability
 D - 4 scrolls of holy word
 I - 8 scrolls of magic mapping
Potions
 d - 7 potions of brilliance
 e - 19 potions of curing
 n - 20 potions of mutation
 o - 10 potions of lignification
 s - 3 potions of invisibility
 v - 5 potions of resistance
 F - 4 potions of magic
 L - 3 potions of ambrosia
 O - 4 potions of might
 T - 15 potions of heal wounds
 W - 4 potions of berserk rage
 Z - 9 potions of haste
Books
 N - a manual of Stealth
 Y - a manual of Armour
Miscellaneous
 p - a lightning rod (4/4)
 G - a box of beasts (3/3)


   Skills:
 - Level 18.0 Fighting
 * Level 26.1 Axes
 + Level 18.8 Armour
 - Level 8.0 Dodging
 + Level 14.0 Stealth
   Level 4.0 Shields
 - Level 14.1 Evocations


You had 23 spell levels left.
You didn't know any spells.
Your spell library contained the following spells:

 Spells                   Type           Power        Failure   Level
 Animate Skeleton         Necr           #.....       56%         1
 Apportation              Tloc           #.....       56%         1
 Corona                   Hex            #......      56%         1
 Pain                     Necr           #...         56%         1
 Sandblast                Erth           #.....       56%         1
 Sting                    Tmut/Pois      #...         56%         1
 Summon Small Mammal      Summ           #...         56%         1
 Call Imp                 Summ           #.......     71%         2
 Ensorcelled Hibernation  Hex/Ice        #.....       71%         2
 Passwall                 Tmut/Erth      #.......     71%         2
 Poisonous Vapours        Pois/Air       #.....       71%         2
 Call Canine Familiar     Summ           #.......     90%         3
 Confusing Touch          Hex            #.......     90%         3
 Dazzling Flash           Conj/Hex       #.....       90%         3
 Ignite Poison            Fire/Tmut/Pois #.......     90%         3
 Inner Flame              Hex/Fire       #.......     90%         3
 Lesser Beckoning         Tloc           #.........   90%         3
 Portal Projectile        Hex/Tloc       #.....       90%         3
 Spider Form              Tmut/Pois      #.........   90%         3
 Stone Arrow              Conj/Erth      #.....       90%         3
 Tukima's Dance           Hex            #.......     90%         3
 Cause Fear               Hex            #.........   100%        4
 Fulminant Prism          Conj/Hex       #.........   100%        4
 Hailstorm                Conj/Ice       #.......     100%        4
 Leda's Liquefaction      Hex/Erth       #.........   100%        4
 Passage of Golubria      Tloc           N/A          100%        4
 Petrify                  Tmut/Erth      #.......     100%        4
 Summon Ice Beast         Ice/Summ       #.......     100%        4
 Summon Lightning Spire   Summ/Air       #.......     100%        4
 Alistair's Intoxication  Tmut/Pois      #........    100%        5
 Fireball                 Conj/Fire      #.........   100%        5
 Lee's Rapid Deconstruct  Erth           #.........   100%        5
 Metabolic Englaciation   Hex/Ice        #.........   100%        5
 Summon Demon             Summ           #.........   100%        5
 Summon Forest            Summ/Tloc      #.........   100%        5
 Summon Mana Viper        Hex/Summ       #.......     100%        5
 Yara's Violent Unravell  Hex/Tmut       #.........   100%        5
 Dispersal                Tloc           #.........   100%        6
 Freezing Cloud           Conj/Ice/Air   #.........   100%        6
 Invisibility             Hex            #.......     100%        6
 Iron Shot                Conj/Erth      #.........   100%        6
 Ozocubu's Refrigeration  Ice            #.........   100%        6
 Simulacrum               Ice/Necr       #.........   100%        6
 Starburst                Conj/Fire      #.........   100%        6
 Malign Gateway           Summ/Tloc      #.........   100%        7
 Monstrous Menagerie      Summ           #.........   100%        7
 Summon Greater Demon     Summ           #.........   100%        7
 Ignition                 Fire           #.........   100%        8
 Summon Horrible Things   Summ           #.........   100%        8
 Dragon's Call            Summ           #.........   100%        9
 Statue Form              Tmut/Erth      Unusable     N/A         6

Dungeon Overview and Level Annotations

Branches:
Dungeon (15/15)            Temple (0/1) D:5            Lair (6/6) D:9
  Swamp (4/4) Lair:3        Snake (4/4) Lair:2        Slime (0/5) Lair:5
    Orc (2/2) D:9             Elf (3/3) Orc:2        Vaults (4/5) D:13
  Crypt (0/3) Vaults:3     Depths (4/5) D:15         WizLab (visited)
Gauntlet (visited)

Altars:
Ashenzari
Dithmenos
Elyvilon
Gozag
Hepliaklqana
Kikubaaqudgha
Makhleb
Okawaru
Ru
Sif Muna
Vehumet
Wu Jian
Xom
Yredelemnul
The Shining One

Shops:
D:4 (   D:5 [   D:6 *   D:10 :   D:15 !   Orc:2 (:[*?   Elf:1 =   Elf:3 *
Snake:2 :   Vaults:1 **[!   Vaults:2 [   Vaults:4 [   Depths:3 }}=
Depths:4 *[?[

Portals:
Hell: Depths:1 Depths:2 Depths:3
Abyss: Lair:1 Depths:1
Pandemonium: Depths:2 Depths:3
Ziggurat: Depths:3
Trove: D:10 (give +6 fire dragon scales)

Annotations:
Lair:1 2 transporters, Raskosukh's ghost, journeyman MfSu
Lair:5 exclusion: oklob plant
Elf:1 Roxanne


Innate Abilities, Weirdness & Mutations

You are resistant to torment.
Your stone body is resilient. (AC +18)
You are immune to poison.
Your large and strong wings let you fly indefinitely.
You resist negative energy. (rN+)
You are resistant to electric shocks. (rElec)
You can survive without breathing.
You are immune to petrification.
You are immune to rotting.


Message History

Unknown command.
Unknown command.
The barbed spikes dig painfully into your body as you move.
* * * LOW HITPOINT WARNING * * *
You feel a strong urge to attack something.
Unknown command.
The barbed spikes dig painfully into your body as you move.
* * * LOW HITPOINT WARNING * * *
The +2 executioner's axe of the Ageless Artisans {flame, Str+4 Stlth+} stops flaming.
You feel a sense of dread.
a - a +9 vampiric executioner's axe (weapon)
You feel your anger nearly subside.
You are no longer berserk.
You are exhausted.
You feel yourself slow down.
The stone giant throws a large rock.
The large rock hits you but does no damage.
As you read the scroll of teleportation, it crumbles to dust.
You feel strangely unstable.
The spriggan air mage waves its arms in wide circles.
The air twists around and violently strikes you in flight!!
You die...

#.. #.# # #..
######## ###
###.}....# # #
#≈≈......# #
#.###.#H..... #
......TH.H. #
.....TkTC##########
#
.....Ti{T.@.......##
#
##...############..#
# ... #..°°.# # .
#.....# # #.....##
### #......# #..
####...# #.. #...#
#.. #...# ###


You could see a sphinx, a stone giant, 3 deep trolls, a spriggan air mage
(repels missiles), 2 deep troll shamans and a rime drake.

Vanquished Creatures
  Sojobo (Depths:3)
  Bai Suzhen (Depths:2)
  Nikola (Elf:1)
  A Hellbinder (WizLab)
  A bone dragon (Abyss:2)
  A golden dragon (Depths:4)
  A quicksilver dragon (shapeshifter) (Depths:2)
  3 liches
  2 deep elf blademasters (Elf:3)
  A sphinx (shapeshifter) (Depths:1)
  2 deep elf master archers (Elf:3)
  3 sphinxes
  Kirke (Lair:5)
  A tentacled starspawn (Abyss:2)
  5 thorn hunters
  3 tengu reavers
  10 nagarajas
  9 deep elf sorcerers
  12 vault wardens
  5 fire giants
  2 frost giants (Vaults:4)
  A ghost moth (shapeshifter) (Depths:2)
  2 balrugs
  A cacodemon (WizLab)
  Louise (Elf:1)
  11 deep elf elementalists
  6 ironheart preservers
  An orc warlord (Orc:2)
  20 very ugly things
  2 war gargoyles (Depths:2)
  A blood saint (WizLab)
  12 stone giants
  3 spriggan defenders (Depths:4)
  A deep elf annihilator (Elf:1)
  2 vampire knights
  6 deep elf demonologists
  Azrael (D:15)
  A lorocyproca (WizLab)
  2 spark wasps (Depths:1)
  A minotaur (Gauntlet)
  A dire elephant (shapeshifter) (Depths:2)
  3 ettins
  An eidolon (Vaults:3)
  3 blizzard demons
  2 deep elf death magi (Elf:3)
  7 fire dragons
  13 crystal guardians
  10 yaktaur captains
  6 great orbs of eyes
  3 deep elf high priests (Elf:3)
  8 rakshasas
  2 ice dragons (Depths:4)
  8 boulder beetles
  36 hydras
  8 vault guards
  3 spriggan air magi
  A hell beast (WizLab)
  15 anacondas
  2 ghost crabs
  10 naga warriors
  Erica (D:11)
  9 alligators
  7 centaur warriors
  2 shambling mangroves
  37 dancing weapons
  27 two-headed ogres
  9 ogre magi
  6 death yaks (Lair:4)
  3 orc high priests (Orc:2)
  2 tengu warriors (Depths:1)
  A thrashing horror (Abyss:2)
  15 naga sharpshooters
  4 deep troll earth magi
  A death yak (shapeshifter) (Depths:2)
  2 small abominations
  19 deep elf knights
  5 hell knights (Depths:3)
  2 spriggan berserkers (Depths:3)
  6 skeletal warriors
  2 sun demons
  An iron golem (Depths:2)
  Sonja (D:11)
  4 shock serpents
  A soul eater (WizLab)
  2 wretched stars (Abyss:2)
  4 sixfirhies
  9 sea snakes (Snake:4)
  3 salamander mystics (Snake:3)
  4 unseen horrors
  A glowing orange brain (shapeshifter) (Depths:2)
  12 deep trolls
  12 swamp dragons
  3 spriggan druids
  A flayed ghost (Vaults:2)
  4 obsidian statues (Depths:2)
  5 glowing orange brains
  2 wizards
  Pikel (D:7)
  10 naga ritualists
  23 deep elf archers
  15 ironbrand convokers
  2 necromancers
  2 shadow demons (WizLab)
  A lindwurm (shapeshifter) (Vaults:3)
  An orb spider (shapeshifter) (Depths:1)
  3 harpies (shapeshifter)
  14 orc knights
  A wolf spider zombie (D:13)
  64 deep elf magi
  3 wolf spiders
  4 harpies (Depths:4)
  8 orc sorcerers
  5 manticores
  12 mana vipers
  6 cyclopes
  12 salamanders
  A faun (shapeshifter) (Depths:2)
  A salamander (shapeshifter) (Depths:4)
  56 ugly things
  A black mamba (shapeshifter) (Depths:2)
  An elephant (shapeshifter) (Depths:2)
  7 elephants
  8 guardian serpents
  Maurice (D:11)
  40 black mambas
  A moth of wrath (shapeshifter) (Vaults:4)
  An ice statue (Gauntlet)
  A guardian serpent (shapeshifter) (Vaults:3)
  5 rust devils (WizLab)
  7 vault sentinels
  3 molten gargoyles (Depths:2)
  A smoke demon (WizLab)
  33 cane toads
  A torpor snail (Lair:5)
  3 gargoyles
  3 kobold demonologists
  An eye of devastation (Gauntlet)
  4 centaur skeletons
  16 naga magi
  A hellion (WizLab)
  2 freezing wraiths (Vaults:4)
  16 komodo dragons
  A tormentor (WizLab)
  3 rime drakes
  A yaktaur (shapeshifter) (Depths:2)
  A komodo dragon (shapeshifter) (D:15)
  53 yaktaurs
  A human zombie (Vaults:4)
  A tengu conjurer (Depths:3)
  An ice devil (WizLab)
  5 red devils
  A jumping spider (shapeshifter) (Depths:1)
  4 trolls
  A queen bee (shapeshifter) (Depths:3)
  A tengu simulacrum (Vaults:4)
  3 polar bears
  A harpy skeleton (D:15)
  A meliai (shapeshifter) (Depths:2)
  9 blink frogs (Lair:6)
  A wind drake (Depths:2)
  15 hornets
  10 tyrant leeches
  A hornet (shapeshifter) (Depths:2)
  37 slime creatures
  9 bog bodies
  4 raiju (Depths:2)
  A slime creature (shapeshifter) (Depths:2)
  7 dream sheep (Lair:6)
  A frost giant simulacrum (Vaults:2)
  Sigmund (D:6)
  13 flying skulls
  5 air elementals
  6 shadows
  3 vampires
  2 ynoxinuls (WizLab)
  10 water elementals
  A wraith (Vaults:1)
  3 chaos spawn (WizLab)
  13 fire elementals
  Grum (D:9)
  9 spriggans
  47 yaks
  6 basilisks
  A human (shapeshifter) (Vaults:1)
  4 wyverns
  7 humans (D:13)
  2 hogs (Lair:5)
  A neqoxec (WizLab)
  A steam dragon (D:11)
  A golden eye (Gauntlet)
  34 vampire mosquitoes
  Edmund (D:6)
  12 insubstantial wisps
  14 swamp worms
  8 wargs
  A swamp worm (shapeshifter) (Depths:2)
  62 nagas
  Duvessa (D:7)
  18 water moccasins
  3 acid dragons
  4 hell hounds
  4 floating eyes (shapeshifter)
  4 ice beasts
  65 orc warriors
  3 eyes of draining
  A sky beast (D:13)
  15 swamp drakes
  4 black bears
  5 necrophages (Lair:5)
  An ogre (shapeshifter) (Vaults:3)
  A tengu (shapeshifter) (Depths:2)
  2 phantoms
  5 wolves
  25 ogres
  7 boggarts
  18 centaurs
  4 lemures (D:7)
  2 big kobolds
  Blork the orc (D:5)
  23 bullfrogs
  9 earth elementals (Depths:2)
  A wyvern skeleton (D:7)
  A water moccasin zombie (D:10)
  2 scorpions
  Dowan (D:7)
  11 killer bees
  An elf simulacrum (Vaults:4)
  3 electric eels
  5 howler monkeys
  9 wights
  A vampire bat (D:3)
  2 bullfrog zombies
  A human simulacrum (Vaults:3)
  2 jellies
  11 hounds
  A yaktaur simulacrum (Vaults:1)
  33 orc priests
  45 orc wizards
  A bullfrog skeleton (D:6)
  An iron imp (Abyss:2)
  2 iguanas
  9 worker ants
  2 hound skeletons
  4 worker ant zombies
  14 adders
  4 shadow imps
  2 white imps (D:8)
  5 ufetubi
  An ooze (D:3)
  2 adder skeletons
  3 dart slugs
  6 leopard geckos
  149 orcs
  4 bat skeletons (D:3)
  A bat zombie (D:3)
  5 giant cockroaches
  6 goblins
  9 hobgoblins
  7 jackals
  4 quokkas
  3 ball pythons
  A ball python skeleton (D:4)
  5 bats
  6 frilled lizards
  2 jackal zombies (D:8)
  16 kobolds
  A leopard gecko zombie (D:8)
  2 quokka skeletons
  A quokka zombie (D:9)
  4 rats
  11 briar patches (Swamp:4)
  2 crawling corpses (Elf:3)
  2 starspawn tentacles (Abyss:2)
2009 creatures vanquished.

Vanquished Creatures (collateral kills)
  the Enchantress (Depths:4)
  A lich (Depths:4)
  2 kobold demonologists (D:12)
  An orc wizard (D:12)
  An orc (D:12)
  A kobold (D:12)
7 creatures vanquished.

Vanquished Creatures (others)
  A spriggan air mage (Depths:2)
  3 tyrant leeches
  A jumping spider (shapeshifter) (Depths:2)
  2 slime creatures
  2 spriggans
  2 humans
  A swamp worm (Swamp:4)
  An orc warrior (Orc:2)
  A big kobold (D:12)
  12 ball lightnings (Depths:2)
  A jackal (shapeshifter) (Depths:2)
  A kobold (D:12)
  18 briar patches
  A demonic plant (Gauntlet)
  17 fungi
  88 plants
152 creatures vanquished.

Grand Total: 2168 creatures vanquished

Notes
Turn   | Place    | Note
-------+----------+-------------------------------------------
     0 | D:1      | Arthanis the Gargoyle Berserker began the quest for the
                  | Orb.
     0 | D:1      | Reached XP level 1. HP: 14/14 MP: 1/1
   345 | D:1      | Reached XP level 2. HP: 16/19 MP: 2/2
   491 | D:1      | Reached skill level 3 in Axes
  1076 | D:2      | Reached XP level 3. HP: 23/23 MP: 3/3
  1154 | D:2      | Found an iron altar of Okawaru.
  1154 | D:2      | Found a shimmering altar of Xom.
  1174 | D:2      | Reached ** piety under Trog
  1281 | D:2      | Found an opulent altar of Gozag.
  1519 | D:3      | Reached XP level 4. HP: 29/29 MP: 4/4
  1673 | D:3      | Found a faded altar of an unknown god.
  2065 | D:3      | Found an ancient bone altar of Kikubaaqudgha.
  2097 | D:3      | Reached skill level 4 in Axes
  2097 | D:3      | Reached XP level 5. HP: 33/33 MP: 5/5
  2251 | D:3      | Found a shimmering blue altar of Sif Muna.
  2552 | D:4      | Found Ziusagha's Antique Weapon Boutique.
  2623 | D:4      | Reached XP level 6. HP: 33/39 MP: 6/6
  2708 | D:4      | Reached *** piety under Trog
  2865 | D:4      | Reached skill level 5 in Axes
  3276 | D:4      | Noticed a phantom
  3381 | D:4      | Killed a phantom
  3381 | D:4      | Reached skill level 5 in Fighting
  3381 | D:4      | Reached XP level 7. HP: 44/44 MP: 7/7
  3462 | D:5      | Entered Level 5 of the Dungeon
  3537 | D:5      | Noticed Blork the orc
  3546 | D:5      | Killed Blork the orc
  3612 | D:5      | Found a shadowy altar of Dithmenos.
  3613 | D:5      | Noticed a shadow
  3645 | D:5      | Reached skill level 6 in Axes
  3645 | D:5      | Reached skill level 5 in Armour
  3840 | D:5      | Reached XP level 8. HP: 48/51 MP: 8/8
  3922 | D:5      | Found a staircase to the Ecumenical Temple.
  3939 | D:5      | Found a hazy altar of Hepliaklqana.
  3974 | D:5      | Found Gaafuxoki's Armour Emporium.
  4445 | D:6      | Reached **** piety under Trog
  4643 | D:6      | Noticed Sigmund
  4644 | D:6      | Noticed Edmund
  4658 | D:6      | Killed Edmund
  4659 | D:6      | Killed Sigmund
  4659 | D:6      | Reached skill level 7 in Axes
  4719 | D:6      | Found Huniripu's General Store.
  4777 | D:6      | Reached XP level 9. HP: 23/56 MP: 9/9
  4986 | D:6      | Bought a scroll of brand weapon for 240 gold pieces
  5133 | D:6      | Found a broken altar of Ashenzari.
  5138 | D:6      | Found a burning altar of Makhleb.
  5255 | D:6      | Reached skill level 8 in Axes
  5373 | D:7      | Noticed Dowan
  5374 | D:7      | Noticed Duvessa
  5380 | D:7      | Killed Dowan
  5387 | D:7      | Killed Duvessa
  5597 | D:7      | Reached skill level 1 in Shields
  5631 | D:7      | Noticed Pikel
  5650 | D:7      | Killed Pikel
  5650 | D:7      | Reached skill level 9 in Axes
  5885 | D:7      | Found a sacrificial altar of Ru.
  6162 | D:8      | Reached XP level 10. HP: 64/65 MP: 10/10
  6275 | D:8      | Found a glowing golden altar of the Shining One.
  6275 | D:8      | Found an ornate altar of the Wu Jian Council.
  6275 | D:8      | Found a basalt altar of Yredelemnul.
  6443 | D:8      | Reached ***** piety under Trog
  6646 | D:8      | Reached skill level 10 in Axes
  7275 | D:9      | Found a staircase to the Orcish Mines.
  7640 | D:9      | Found a staircase to the Lair.
  7666 | D:9      | Noticed Grum
  7825 | D:9      | Killed Grum
  7825 | D:9      | Reached skill level 11 in Axes
  8685 | D:10     | Entered Level 10 of the Dungeon
  8799 | D:10     | You fall into a shaft and drop 3 floors!
  8804 | D:13     | Noticed a centaur warrior
  8815 | D:13     | Received a gift from Trog
  8824 | D:13     | Reached skill level 10 in Fighting
  8824 | D:13     | Reached XP level 11. HP: 43/72 MP: 11/11
  8836 | D:13     | Killed a centaur warrior
  8836 | D:13     | Reached skill level 1 in Evocations
  8858 | D:13     | Got a twisted triple sword {god gift}
  9328 | D:11     | Noticed a manticore
  9344 | D:11     | Killed a manticore
  9565 | D:10     | Found a radiant altar of Vehumet.
  9872 | D:10     | Identified the +11 triple sword "Anacvy" {vorpal, rElec
                  | Str+7} (Trog gifted it to you on level 13 of the Dungeon)
  9897 | D:10     | Reached skill level 12 in Axes
 10117 | D:10     | Found Tudur Syuca's Book Boutique.
 10140 | D:10     | Found a portal to a secret trove of treasure.
 10179 | D:11     | Noticed Erica
 10182 | D:11     | Noticed Maurice
 10223 | D:11     | Killed Erica
 10230 | D:11     | Killed Maurice
 10406 | D:11     | Noticed Sonja
 10432 | D:11     | Killed Sonja
 10671 | D:11     | Found a hazy altar of Hepliaklqana.
 10836 | D:12     | Noticed a green ugly thing
 10848 | D:12     | Killed a green ugly thing
 10888 | D:12     | Received a gift from Trog
 10943 | D:12     | Reached XP level 12. HP: 33/79 MP: 12/12
 11179 | D:12     | Noticed a boulder beetle
 11482 | D:12     | Killed a boulder beetle
 11733 | D:12     | Found a shimmering altar of Xom.
 11886 | D:12     | Noticed a five-headed hydra
 11897 | D:12     | Killed a five-headed hydra
 11915 | D:12     | Reached skill level 13 in Axes
 12452 | D:13     | Noticed a centaur warrior
 12480 | D:13     | Killed a centaur warrior
 12480 | D:13     | Reached skill level 5 in Evocations
 12661 | D:13     | Got a warped flail
 12662 | D:13     | Identified the +4 flail "Onit" {venom, *Contam rElec rN+++
                  | MR-} (You found it on level 13 of the Dungeon)
 12874 | D:13     | Noticed a two-headed ogre
 12884 | D:13     | Killed a two-headed ogre
 13927 | D:13     | Noticed a vault guard
 13927 | D:13     | Noticed a vault guard
 13930 | D:13     | Noticed a vault guard
 13930 | D:13     | Noticed a vault guard
 13948 | D:13     | Reached XP level 13. HP: 86/86 MP: 13/13
 14147 | D:13     | Killed a vault guard
 14156 | D:13     | Killed a vault guard
 14156 | D:13     | Reached skill level 14 in Axes
 14162 | D:13     | Killed a vault guard
 14336 | D:13     | Found a gate to the Vaults.
 14510 | D:13     | Killed a vault guard
 14646 | D:14     | Found a gate leading to a gauntlet.
 14666 | Gauntlet | Entered a Gauntlet
 14666 | Gauntlet | Found a transporter.
 14666 | Gauntlet | Found a transporter.
 14666 | Gauntlet | Found a transporter.
 14692 | Gauntlet | Found a transporter.
 15318 | Gauntlet | Found a transporter.
 15318 | Gauntlet | Found a transporter.
 15538 | Gauntlet | Found a transporter.
 15572 | Gauntlet | Noticed a great orb of eyes
 15572 | Gauntlet | Found a transporter.
 15604 | Gauntlet | Noticed a minotaur
 15642 | Gauntlet | Killed a minotaur
 15651 | Gauntlet | Identified the Guide on Dislocation and Curses
 16929 | D:14     | Reached ****** piety under Trog
 17098 | D:15     | Entered Level 15 of the Dungeon
 17162 | D:15     | Found Tametawn's Distillery.
 17167 | D:15     | Bought a potion of flight for 39 gold pieces
 17167 | D:15     | Bought a potion of ambrosia for 104 gold pieces
 17167 | D:15     | Bought a potion of berserk rage for 65 gold pieces
 17167 | D:15     | Bought a potion of mutation for 104 gold pieces
 17167 | D:15     | Bought a potion of curing for 39 gold pieces
 17167 | D:15     | Bought a potion of curing for 39 gold pieces
 17167 | D:15     | Bought a potion of curing for 39 gold pieces
 17255 | D:15     | Gained mutation: Your large and strong wings let you fly
                  | indefinitely. [Gargoyle growth]
 17255 | D:15     | Reached XP level 14. HP: 89/92 MP: 14/14
 17577 | D:15     | Noticed Azrael
 17588 | D:15     | Reached skill level 15 in Axes
 17596 | D:15     | Killed Azrael
 17596 | D:15     | Received a gift from Trog
 18447 | D:15     | Found a staircase to the Depths.
 18610 | Lair:1   | Entered Level 1 of the Lair of Beasts
 18678 | Lair:1   | Found a one-way gate to the infinite horrors of the Abyss.
 18678 | Lair:1   | Noticed Raskosukh's ghost (journeyman MfSu)
 18900 | Lair:1   | Reached skill level 10 in Armour
 19009 | Lair:1   | Found a transporter.
 19087 | Lair:1   | Found a transporter.
 19398 | Lair:2   | Found a staircase to the Snake Pit.
 20269 | Lair:3   | Found a staircase to the Swamp.
 20850 | Lair:3   | Reached XP level 15. HP: 89/100 MP: 15/15
 21293 | Lair:4   | Reached skill level 16 in Axes
 21559 | Lair:4   | Received a gift from Trog
 22898 | Lair:5   | Found a staircase to the Slime Pits.
 23018 | Lair:5   | Noticed Kirke
 23032 | Lair:5   | Killed Kirke
 23429 | Lair:6   | Entered Level 6 of the Lair of Beasts
 23787 | Lair:6   | Reached skill level 17 in Axes
 23946 | Lair:6   | Received a gift from Trog
 24088 | Lair:6   | Found the +7 Singing Sword {vorpal, sonic wave}
 24409 | Lair:6   | Reached XP level 16. HP: 103/106 MP: 16/16
 24717 | Swamp:1  | Entered Level 1 of the Swamp
 24888 | Swamp:1  | Reached skill level 18 in Axes
 26004 | Swamp:2  | Noticed a thorn hunter
 26026 | Swamp:2  | Killed a thorn hunter
 26183 | Swamp:2  | Reached skill level 10 in Evocations
 26187 | Swamp:2  | Reached skill level 15 in Fighting
 26217 | Swamp:2  | Received a gift from Trog
 27953 | Swamp:4  | Entered Level 4 of the Swamp
 28011 | Swamp:4  | Received a gift from Trog
 28125 | Swamp:4  | Noticed a thorn hunter
 28137 | Swamp:4  | Killed a thorn hunter
 28386 | Swamp:4  | Noticed a thorn hunter
 28395 | Swamp:4  | Noticed a thorn hunter
 28544 | Swamp:4  | Killed a thorn hunter
 28552 | Swamp:4  | HP: 3/108 [spriggan rider/+0 scimitar (9)]
 28755 | Swamp:4  | Noticed a thorn hunter
 28769 | Swamp:4  | Reached XP level 17. HP: 93/113 MP: 17/17
 28795 | Swamp:3  | HP: 3/113 [spriggan rider/+1 spear of freezing (7)]
 28795 | Swamp:3  | HP: 1/113 [spriggan rider/+1 spear of freezing (2)]
 29687 | Swamp:4  | Got a decaying rune of Zot
 30559 | Snake:1  | Entered Level 1 of the Snake Pit
 30868 | Snake:1  | Received a gift from Trog
 31166 | Orc:1    | Entered Level 1 of the Orcish Mines
 31273 | Orc:2    | Entered Level 2 of the Orcish Mines
 31497 | Orc:2    | Reached skill level 5 in Dodging
 32031 | Orc:1    | Received a gift from Trog
 32578 | Orc:2    | Found a staircase to the Elven Halls.
 32656 | Orc:2    | Found Plog's Antique Armour Shop.
 32657 | Orc:2    | Found Qefrisuxig's Antique Weapon Boutique.
 32658 | Orc:2    | Found Nuiffiot's General Store.
 32658 | Orc:2    | Found Peting's Book Shop.
 32666 | Orc:2    | Bought an embroidered cloak for 285 gold pieces
 32687 | Orc:2    | Bought a scroll of identify for 26 gold pieces
 32766 | Orc:2    | Found Ysheosurph's Magic Scroll Emporium.
 32774 | Orc:2    | Bought a scroll of fog for 22 gold pieces
 32774 | Orc:2    | Bought a scroll of identify for 22 gold pieces
 32774 | Orc:2    | Bought a scroll of identify for 22 gold pieces
 32774 | Orc:2    | Bought a scroll of blinking for 82 gold pieces
 32774 | Orc:2    | Bought a scroll of identify for 22 gold pieces
 33406 | Snake:1  | Reached XP level 18. HP: 119/122 MP: 14/18
 34011 | Snake:2  | Found Lascheoha's Book Emporium.
 34225 | Snake:2  | Found a shimmering altar of Xom.
 34306 | Snake:2  | Received a gift from Trog
 34306 | Snake:2  | Reached skill level 19 in Axes
 34989 | Snake:3  | Received a gift from Trog
 35505 | Snake:3  | Received a gift from Trog
 35670 | Snake:4  | Entered Level 4 of the Snake Pit
 35939 | Snake:4  | Identified the amulet of Dim Light {Spirit +Inv rElec
                  | Int+3}
 35961 | Snake:4  | Identified the Handbook of the Sinister Frostbite
 36223 | Snake:4  | Reached XP level 19. HP: 128/128 MP: 19/19
 36304 | Snake:4  | Received a gift from Trog
 36404 | Snake:4  | Reached skill level 20 in Axes
 36435 | Snake:4  | Got a serpentine rune of Zot
 36994 | Vaults:1 | Entered Level 1 of the Vaults
 37766 | Vaults:1 | Found Maoskaadgh's Distillery.
 37772 | Vaults:1 | Received a gift from Trog
 37808 | Vaults:1 | Bought a potion of resistance for 210 gold pieces
 37808 | Vaults:1 | Bought a potion of heal wounds for 105 gold pieces
 37808 | Vaults:1 | Bought a potion of heal wounds for 105 gold pieces
 37808 | Vaults:1 | Bought a potion of heal wounds for 105 gold pieces
 37808 | Vaults:1 | Bought a potion of resistance for 210 gold pieces
 37808 | Vaults:1 | Bought a potion of heal wounds for 105 gold pieces
 37808 | Vaults:1 | Bought a potion of curing for 63 gold pieces
 37840 | Vaults:1 | Found Guppueno's Antique Armour Emporium.
 37881 | Vaults:1 | Found Mimydu's Assorted Antiques.
 37888 | Vaults:1 | Found Cilus's Assorted Antiques.
 37901 | Vaults:1 | Bought a scroll of teleportation for 117 gold pieces
 37901 | Vaults:1 | Bought a scroll of identify for 78 gold pieces
 37901 | Vaults:1 | Bought a scroll of identify for 78 gold pieces
 38258 | Vaults:1 | Bought a heavily runed helmet for 294 gold pieces
 38258 | Vaults:1 | Bought a scroll of teleportation for 93 gold pieces
 38258 | Vaults:1 | Identified the +3 helmet "Raffap" {-Cast rElec rN+ MR++}
                  | (You bought it in a shop on level 1 of the Vaults)
 38981 | Vaults:2 | Received a gift from Trog
 38990 | Vaults:2 | Reached XP level 20. HP: 128/134 MP: 20/20
 39024 | Vaults:2 | Found Ocvilos's Armour Shoppe.
 39411 | Vaults:2 | Identified the Compendium of Hexes and Venom
 39896 | Vaults:3 | You are sucked into a shaft and drop 1 floor!
 39994 | Vaults:4 | Received a gift from Trog
 40107 | Vaults:4 | Reached skill level 21 in Axes
 41240 | Vaults:4 | Found Saewkyk's Armour Emporium.
 41408 | Vaults:3 | Reached XP level 21. HP: 141/141 MP: 21/21
 41442 | Vaults:3 | Reached skill level 22 in Axes
 41667 | Vaults:3 | Received a gift from Trog
 41931 | Vaults:3 | Found a staircase to the Crypt.
 42785 | Elf:1    | Entered Level 1 of the Elven Halls
 42860 | Elf:1    | Identified Roxanne's Catalogue of the Rocks
 42860 | Elf:1    | Noticed Roxanne
 42915 | Elf:1    | Found Riughel's Jewellery Emporium.
 43164 | Elf:1    | Received a gift from Trog
 43183 | Elf:1    | Got a warped war axe {god gift}
 43184 | Elf:1    | Identified the +7 war axe of Nihilism {flame, rN+} (Trog
                  | gifted it to you on level 1 of the Elven Halls)
 43595 | Elf:1    | Noticed Louise
 43603 | Elf:1    | Reached skill level 23 in Axes
 43647 | Elf:1    | Killed Louise
 43860 | Elf:1    | Noticed Nikola
 43890 | Elf:1    | Killed Nikola
 44270 | Elf:2    | Found a runed translucent gate.
 44270 | Elf:2    | Found a runed translucent gate.
 44270 | Elf:2    | Found a runed translucent gate.
 44387 | Elf:2    | Received a gift from Trog
 44675 | Elf:2    | Reached XP level 22. HP: 147/147 MP: 22/22
 44857 | Elf:3    | Entered Level 3 of the Elven Halls
 44924 | Elf:3    | Found Ivviuh's Assorted Antiques.
 44927 | Elf:3    | Bought a scroll of identify for 62 gold pieces
 44949 | Elf:3    | Found a magical portal.
 44974 | WizLab   | Entered The Hall of the Hellbinder
 44986 | WizLab   | Received a gift from Trog
 45276 | WizLab   | Identified the Tome of the Equator
 45539 | WizLab   | Found a burning altar of Makhleb.
 45558 | WizLab   | Noticed Plog
 45572 | WizLab   | HP: 7/147 [Plog the Hellbinder/damnation (28)]
 46026 | WizLab   | Killed Plog the Hellbinder
 46055 | WizLab   | Identified the Incunabulum of Companions
 46057 | WizLab   | Got a coiled wooden ring
 46099 | WizLab   | Identified the ring "Kebuug Ree" {rElec rN+} (You found it
                  | in a wizard's laboratory)
 46547 | Elf:3    | Received a gift from Trog
 46833 | Elf:3    | Reached skill level 24 in Axes
 47133 | Elf:3    | Received a gift from Trog
 47133 | Elf:3    | Reached skill level 15 in Armour
 47367 | Elf:3    | Identified the +3 mace "Qagrom" {vorpal, rPois Str+5} (You
                  | found it on level 3 of the Elven Halls)
 47372 | Elf:3    | Identified the Grimoire of the Dusty Traveller
 47386 | Elf:3    | Found the +10 morningstar "Eos" {elec, Halo rElec}
 47487 | Elf:3    | Identified the Reference Book on Envenoming and Earth
 48221 | Depths:1 | Entered Level 1 of the Depths
 48599 | Depths:1 | Reached XP level 23. HP: 152/152 MP: 23/23
 48605 | Depths:1 | Reached skill level 1 in Stealth
 48921 | Depths:1 | Found a gateway to Hell.
 49023 | Depths:1 | Reached skill level 5 in Stealth
 49214 | Depths:1 | Received a gift from Trog
 49264 | Depths:1 | Found a broken altar of Ashenzari.
 49319 | Depths:1 | Reached skill level 25 in Axes
 50081 | Depths:2 | Received a gift from Trog
 50127 | Depths:2 | Noticed Bai Suzhen
 50152 | Depths:2 | Killed Bai Suzhen
 50587 | Depths:2 | You are sucked into a shaft and drop 2 floors!
 50670 | Depths:3 | Reached skill level 10 in Stealth
 50776 | Depths:3 | Received a gift from Trog
 50867 | Depths:3 | Reached XP level 24. HP: 157/157 MP: 23/23
 50902 | Depths:3 | Found a white marble altar of Elyvilon.
 50978 | Depths:3 | Noticed Sojobo
 51006 | Depths:3 | Killed Sojobo
 51217 | Depths:3 | Found a gateway to a ziggurat.
 51406 | Depths:3 | Found a one-way gate leading to the halls of Pandemonium.
 51982 | Depths:3 | Found Ikheusi's Jewellery Boutique.
 51982 | Depths:3 | Found Mycoas's Gadget Emporium.
 51983 | Depths:3 | Found Urus's Gadget Emporium.
 52611 | Depths:2 | Identified the Catalogue of Classification
 52618 | Depths:2 | Got a scintillating tin ring
 52619 | Depths:2 | Identified the ring "Xoikhux" {rPois Dex+4 Slay+4 Stlth+}
                  | (You found it on level 2 of the Depths)
 52635 | Depths:2 | Received a gift from Trog
 52642 | Depths:2 | Identified the +2 executioner's axe of the Ageless Artisans
                  | {flame, Str+4 Stlth+} (Trog gifted it to you on level 2 of
                  | the Depths)
 52717 | Depths:2 | Got a crude bronze ring
 52721 | Depths:2 | Identified Sif Muna's Tome of Entrancing Snow
 52723 | Depths:2 | Identified the ring "Neoqythre" {Int+5 SInv} (You found it
                  | on level 2 of the Depths)
 53033 | Depths:4 | Found Ucaycham's Assorted Antiques.
 53037 | Depths:4 | Noticed the Enchantress
 53087 | Depths:4 | Cast into level 2 of the Abyss (the Enchantress)
 53181 | Depths:4 | Escaped the Abyss
 53214 | Depths:4 | Killed the Enchantress
 53214 | Depths:4 | Reached skill level 26 in Axes
 53249 | Depths:4 | Found Kestotae's Magic Scroll Shop.
 53249 | Depths:4 | Found Camyir's Antique Armour Boutique.
 53254 | Depths:4 | Bought a pair of embroidered boots for 195 gold pieces
 53265 | Depths:4 | Found Nihi's Antique Armour Shop.
 53269 | Depths:4 | Bought a scroll of blinking for 105 gold pieces
 53269 | Depths:4 | Bought a scroll of identify for 28 gold pieces
 53269 | Depths:4 | Bought a scroll of teleportation for 42 gold pieces
 53269 | Depths:4 | Bought a scroll of teleportation for 42 gold pieces
 53269 | Depths:4 | Bought a scroll of fear for 49 gold pieces
 53269 | Depths:4 | Bought a scroll of identify for 28 gold pieces
 53269 | Depths:4 | Bought a scroll of identify for 28 gold pieces
 53269 | Depths:4 | Bought a scroll of identify for 28 gold pieces
 53269 | Depths:4 | Bought a scroll of identify for 28 gold pieces
 53501 | Depths:4 | Killed from afar by a spriggan air mage

Illustrated notes

Levels and vault maps discovered:
D:1:      minmay_arrival_semitransparent, layout_loops_ring, minmay_distorted
D:2:      layout_basic, grunt_temple_overflow_open, old_standard_altar,
          kennysheep_cluttered_room
D:3:      layout_loops_ring, lemuel_doored_altar, kennysheep_vampire_church,
          chequers_ecumenical_altar_lobes
D:4:      layout_loops_ring, serial_shops, nicolae_shop_overgrown_old_shop,
          minmay_manual_mail
D:5:      layout_basic, riverfiend_overflow_shadow_ancestor,
          minmay_temple_entry_offerings, serial_shops, shop,
          minmay_misc_feat_secret_circle, uniq_blork_the_orc
D:6:      layout_basic, minitemple, serial_shops, shop, kennysheep_another_room,
          sigmund_edmund_badplayer
D:7:      layout_rooms, kennysheep_mini, item_on_display_a, uniq_pikel,
          uniq_duvessa
D:8:      black_bear_nest_2, layout_loops_ring, gammafunk_temple_overflow_claw
D:9:      layout_long_grid, erik_lair_orcish_takeover, erik_orc_1, uniq_grum
D:10:     layout_big_octagon, serial_shops, kennysheep_little_box, basic_altar,
          enter_trove_3
D:11:     layout_gridville, basic_altar, uniq_sonja, uniq_erica, uniq_maurice
D:12:     layout_roguey, basic_altar
D:13:     layout_loops_corners, ximxim_vaults_locker_room,
          minmay_unpleasant_kobolds
D:14:     layout_roguey, special_room [special_room_orc],
          gauntlet_entry_generic, bh_walls_and_bars
D:15:     gammafunk_enter_depths_forms, layout_loops_ring, serial_shops, shop,
          minmay_splitting_lines, uniq_azrael
Lair:1:   layout_roguey, gammafunk_ghost_abyssal_escape
Lair:2:   layout_hall_layers, minmay_snake_entry_six_corridors
Lair:3:   layout_loops_ring, swamp_mist, nzn_random_ring
Lair:4:   layout_cave_pods, infiniplex_staircase_pool
Lair:5:   layout_small_grid, minmay_slime_entry_oklob_open,
          roderic_carrion_pond, uniq_kirke
Lair:6:   minmay_lair_end_frog_pond, layout_big_grid
Swamp:1:  layout_falls_marsh, evilmike_swamp_ruin_house_3
Swamp:2:  layout_falls_marsh, evilmike_swamp_ruin_rubble_1, st_swamp_mini
Swamp:3:  layout_basic_swamp, evilmike_swamp_ruin_rubble_2, swamp_pool1,
          nicolae_swamp_round_clearing
Swamp:4:  swamp, layout_basic_swamp
Snake:1:  layout_layer_cave, nicolae_snake_squiggles
Snake:2:  skrybe_snakes_to_sticks, layout_rooms, serial_shops, shop,
          grunt_ministairs_11
Snake:3:  layout_misc_corridors
Snake:4:  grunt_snake_rune_pools, layout_gridlike
Orc:1:    layout_caves, nooodl_orcs_dogs
Orc:2:    st_orc_congregation, layout_caves, serial_shops, shop_fountains
Elf:1:    eino_elf_arrival_sip, layout_loops_corners, serial_shops, shop,
          hangedman_elf_represent, uniq_roxanne, uniq_nikola, uniq_louise
Elf:2:    layout_geoelf_diagonals
Elf:3:    minmay_elf_hall_golems, layout_geoelf_castle, mu_enter_wizlab_1,
          serial_shops, nicolae_shop_trees
Vaults:1: vaults_mumra_chevron, v_pattern_3, vaults_mumra_lcd,
          vaults_room_corners, vaults_room_ringed_pool,
          nicolae_vaults_twisting_passages, v_misc_19, vaults_room_hallway,
          vaults_room_grid, layout_vaults_omnibox, serial_shops, shop,
          nicolae_shop_statue_plus, shop, nicolae_shop_window_shopping
Vaults:2: hangedman_vaults_capsules, nicolae_vaults_network_star,
          vaults_dpeg_spiral, vaults_standard_mumra_enter_the_diamond,
          nicolae_vaults_border_crossing, dpeg_vaults_monster_box, v_misc_17,
          nicolae_vaults_circle_grid_b, vaults_mumra_bighexcomb,
          layout_vaults_ring, serial_shops, shop_coins
Vaults:3: hangedman_vaults_trim, nicolae_vaults_little_squares_3,
          nicolae_vaults_network_square, vaults_room_stairs_pillars,
          hangedman_vaults_trim, layout_vaults_chaotic_city,
          minmay_crypt_entry_simple_statues
Vaults:4: v_alt_pattern_3, v_misc_31, nicolae_vaults_good_morning_starshine,
          vaults_room_octagon, ontoclasm_vaults_shuriken, v_misc_13,
          vaults_room_fancy_cross, vaults_mumra_minichess_inversion,
          nicolae_vaults_circle_grid_a, nicolae_vaults_triangles,
          ontoclasm_vaults_misaligned, v_misc_33, layout_vaults_maze_snakey,
          serial_shops, nicolae_shop_statue_plus
Depths:1: layout_honeycomb, hangedman_tar_grid_catacomb, abyss_entry,
          nicolae_wwwww, nicolae_ashenzari_panopticon
Depths:2: radiant_caverns_a_rkd, hell_entry, pan_entry, uniq_bai_suzhen
Depths:3: minmay_connected_triangles_in_corner, layout_gridlike,
          enter_ziggurat_e, lemuel_crystal_altar, rand_demon_pan_entry_8,
          hell_entry, infiniplex_staircase_spiral_double, minmay_shop_grove,
          uniq_sojobo
Depths:4: minmay_slanted_spiral_squares, layout_basic, abyss_entry, special_room
          [special_room_mythical_zoo], hell_entry, minmay_shoptagon,
          uniq_xtahua, uniq_enchantress, uniq_frederick

Skill      XL: |  1  2  3  4  5  6  7  8  9 10 11 12 13 14 15 16 17 18 19 20 21 22 23 24 |
---------------+-------------------------------------------------------------------------+-----
Axes           | 3 4 5 6 7 9 11 12 13 14 15 17 18 19 20 21 23 24 25 26 | 26.1
Dodging        | 2 3 4 5 7 8 |  8.0
Armour         | 3 4 5 6 7 8 9 10 11 12 13 15 17 18 | 18.8
Fighting       | 4 5 6 8 10 12 13 14 15 16 17 18 | 18.0
Shields        | 3 4 |  4.0
Evocations     | 3 6 7 8 9 12 14 | 14.1
Stealth        | 10 14 | 14.0

Action                   |  1- 3 |  4- 6 |  7- 9 | 10-12 | 13-15 | 16-18 | 19-21 | 22-24 || total
-------------------------+-------+-------+-------+-------+-------+-------+-------+-------++-------
Melee: Hand axe          |   106 |    75 |   375 |  1127 |   685 |       |       |       ||  2368
       War axe           |       |   144 |       |       |   776 |   692 |       |    12 ||  1624
       Triple sword      |       |       |       |    17 |       |       |       |       ||    17
       Spear             |       |       |       |     9 |       |       |       |       ||     9
       Executioner's axe |       |       |       |       |       |   694 |  1157 |  1119 ||  2970
       Broad axe         |       |       |       |       |       |     3 |     5 |    77 ||    85
Invok: Berserk           |       |     3 |    11 |    18 |    21 |    15 |     5 |    14 ||    87
       Trog's Hand       |       |       |     1 |     5 |     7 |     7 |     1 |    14 ||    35
       Brothers in Arms  |       |       |       |       |       |       |       |     3 ||     3
 Abil: Fly               |       |       |       |       |     1 |       |       |       ||     1
Evoke: Wand              |       |       |       |    11 |     1 |     4 |       |     4 ||    20
       Box of beasts     |       |       |       |       |       |       |       |     1 ||     1
  Use: Scroll            |       |       |     1 |    14 |    14 |    13 |     3 |    21 ||    66
       Potion            |       |       |       |     1 |     1 |     2 |       |     1 ||     5
 Stab: Confused          |       |       |       |     2 |       |     1 |       |       ||     3
       Paralysed         |       |       |       |       |       |     1 |       |       ||     1
       Distracted        |       |       |       |       |       |       |     1 |     1 ||     2
Armor: Ring mail         |    42 |    94 |       |       |       |       |       |       ||   136
       Chain mail        |       |    11 |       |       |       |       |       |       ||    11
       Plate armour      |       |    47 |   344 |  1041 |   736 |  1452 |   904 |  1060 ||  5584
Dodge: Dodged            |    62 |   137 |   149 |   300 |   263 |   756 |   665 |   651 ||  2983
Block: Buckler           |       |       |    12 |   215 |    14 |       |       |       ||   241
       Kite shield       |       |       |       |       |   449 |   406 |       |       ||   855

Table legend: (Time is in decaauts)
 A = Elapsed time spent in this place.
 B = Non-inter-level travel time spent in this place.
 C = Inter-level travel time spent in this place.
 D = Time resting spent in this place.
 E = Time spent auto-exploring this place.
 F = Levels seen in this place.
 G = Mean time per level.
                   A        B        C        D        E       F      G
               +--------+--------+--------+--------+--------+-----+--------+
         Total |  52986 |  50444 |   2542 |   2300 |  36262 |  45 | 1177.5 |
       Dungeon |  18023 |  16821 |   1202 |    270 |  12666 |  15 | 1201.5 |
          Lair |   6278 |   5830 |    448 |    270 |   4660 |   6 | 1046.3 |
         Swamp |   5778 |   5653 |    125 |    624 |   4053 |   4 | 1444.5 |
     Snake Pit |   4311 |   4108 |    203 |      0 |   3067 |   4 | 1077.8 |
  Orcish Mines |   1849 |   1718 |    131 |      0 |   1192 |   2 |  924.5 |
   Elven Halls |   3948 |   3798 |    150 |      7 |   2660 |   3 | 1316.0 |
        Vaults |   5571 |   5431 |    140 |      0 |   4117 |   4 | 1392.8 |
        Depths |   4989 |   4848 |    141 |     10 |   3596 |   4 | 1247.2 |
         Abyss |     98 |     98 |      0 |      0 |      0 |   1 |   98.0 |
        Wizlab |   1189 |   1189 |      0 |    491 |    249 |   1 | 1189.0 |
      Gauntlet |    947 |    947 |      0 |    627 |      0 |   1 |  947.0 |
               +--------+--------+--------+--------+--------+-----+--------+

Top non-repeatable levels by time:
    D:13: 2344 daAuts
 Swamp:4: 1979 daAuts
   Elf:3: 1856 daAuts
    D:12: 1736 daAuts
Depths:2: 1637 daAuts
     D:9: 1607 daAuts
    D:14: 1572 daAuts
Depths:1: 1494 daAuts
 Snake:1: 1482 daAuts
Depths:3: 1456 daAuts
    D:15: 1449 daAuts
Vaults:4: 1435 daAuts
     D:8: 1411 daAuts
Vaults:1: 1406 daAuts
Vaults:3: 1375 daAuts
